 Dungeon Crawl Stone Soup version 0.13.0-29-gdb529de (webtiles) character file.

2182 MirrMurr the Gouger (level 9, -2/42 HPs)
             Began as a Felid Berserker on Nov 4, 2013.
             Was an Elder of Trog.
             Slain by a giant goldfish (12 damage)
             ... on Level 9 of the Dungeon on Nov 5, 2013.
             The game lasted 00:33:50 (9576 turns).

MirrMurr the Gouger (Felid Berserker)               Turns: 9576, Time: 00:33:51

HP  -2/42        AC  2     Str 13      XL: 9   Next:  1%
MP  14/14        EV 30     Int  8      God: Trog [****..]
Gold 204         SH  0     Dex 23      Spells:  0 memorised,  8 levels left
Lives: 0, deaths: 2

Res.Fire  : . . .   See Invis. : +     - Unarmed
Res.Cold  : . . .   Warding    : .   (armour unavailable)
Life Prot.: . . .   Conserve   : .   (shield unavailable)
Res.Poison: .       Res.Corr.  : .   (helmet unavailable)
Res.Elec. : .       Clarity    : .   (cloak unavailable)
Sust.Abil.: . .     Spirit.Shd : .   (gloves unavailable)
Res.Mut.  : .       Stasis     : .   (boots unavailable)
Res.Rott. : .       Flight     : .   (no amulet)
Saprovore : . . .                    (no ring)
                                     j - cursed +3 ring of dexterity

@: quick, somewhat resistant to hostile enchantments, extremely stealthy
A: paw claws, no armour, no advanced items, fangs 3, see invisible, carnivore 3,
speed 1, slow metabolism 1, AC +2
a: Burn Spellbooks, Berserk, Trog's Hand, Brothers in Arms, Renounce Religion


You were on level 9 of the Dungeon.
You worshipped Trog.
Trog was greatly pleased with you.
You were very full.

You visited 2 branches of the dungeon, and saw 10 of its levels.

You collected 461 gold pieces.
You spent 277 gold pieces at shops.

Inventory:

Comestibles
 c - 7 meat rations
Scrolls
 b - a scroll of curse armour {unknown}
 d - a scroll of recharging {unknown}
 f - 7 scrolls of identify
 g - 3 scrolls of remove curse {unknown}
 h - a scroll of blinking
 k - a scroll of noise {unknown}
 m - 3 scrolls of teleportation
 n - a scroll of magic mapping
 o - a scroll of curse weapon {unknown}
 s - a scroll of immolation {unknown}
 x - a scroll of fog {unknown}
Jewellery
 j - a cursed +3 ring of dexterity (left paw)
Potions
 a - a potion of slowing {unknown}
 e - 2 potions of magic
 i - 3 potions of restore abilities
 l - 5 potions of heal wounds
 p - a potion of might
 q - 2 potions of speed
 r - 7 potions of curing
 t - a potion of invisibility
 u - a potion of berserk rage
 w - a potion of flight {unknown}


   Skills:
 + Level 7.9 Fighting
 + Level 10.4 Dodging
 + Level 9.9 Stealth
 * Level 10.7 Unarmed Combat


You had 8 spell levels left.
You didn't know any spells.

Dungeon Overview and Level Annotations

Branches:
Dungeon (9/27)             Temple (1/1) D:6             Orc (0/4) D:7
   Lair (0/8) D:9

Altars:
Ashenzari
Cheibriados
Elyvilon
Fedhas
Kikubaaqudgha
Makhleb
Nemelex Xobeh
Okawaru
Sif Muna
Trog
Vehumet
Xom
Yredelemnul
Zin
the Shining One

Shops:
D:8 *!

Annotations:
D:9 Joseph; Shredu92's ghost, experienced DrFE


Innate Abilities, Weirdness & Mutations

You cannot wear armour.
You are incapable of any advanced item manipulation.
Your paws have sharp claws.
You have razor-sharp teeth.
You have supernaturally acute eyesight.
You are carnivorous and can eat meat at any time.
You cover ground quickly.
You are covered in thick fur (AC +2).
You have a slow metabolism.


Message History

You are too injured to fight recklessly!
You are too injured to fight recklessly!
You are too injured to fight recklessly!
The giant goldfish misses you.
You claw the giant goldfish!
The giant goldfish begins to bleed from its wounds!
The giant goldfish is heavily wounded.
The giant goldfish completely misses you.
The giant goldfish completely misses you.
You are too injured to fight recklessly!
You are too injured to fight recklessly!
You are too injured to fight recklessly!
You are too injured to fight recklessly!
You are too injured to fight recklessly!
You are too injured to fight recklessly!
You scratch the giant goldfish but do no damage.
The giant goldfish is heavily wounded.
The giant goldfish is no longer bleeding.
The giant goldfish bites you!
You die...

,,#*###≈###...########**#######[#
,,#.#.≈≈≈.#...#≈≈.#...,..........
,,,#.≈≈≈≈≈....≈≈≈≈.##*#########.#
*,#.#.≈≈≈.#.#≈≈≈≈≈#.###≈## ##≈#.#
,*,#.#.≈.#.#≈≈≈≈≈≈.###≈≈≈###≈≈≈.#
*,#.#.#.#.#.#≈≈≈≈≈#.#≈≈≈≈≈#≈≈≈≈..
+#.#.#.#.#.#.#≈≈≈≈.#≈≈≈≈≈≈≈≈≈≈≈..
#.#.#.#.#.#.#.#≈;.#≈≈≈≈≈≈≈≈≈≈≈≈..
.#.#.....(.#.#.#@#.≈≈≈≈≈≈≈≈≈≈≈≈≈≈
*.#.#.^^^.#.#.#.#.#≈≈≈≈≈≈≈≈≈≈≈≈≈≈
, ,#..^_^..#.#.#.#.#≈≈≈≈≈≈≈≈≈≈≈≈≈
*,*,*,.^^.#!#.#.#.#.#≈≈≈≈≈≈≈≈≈≈≈≈
,*,#.......#.#.#.#.###≈≈≈≈≈≈≈≈≈≈≈
,*,#.#.#.#.#)#.#.#.##≈≈≈≈≈≈≈≈≈≈≈
,*,*,#.#.#.#.#.#.#.#.≈≈≈≈≈≈≈≈≈≈≈#
*, ,#.....#.#.#.#.#.≈≈≈≈≈≈≈≈≈≈≈.#
,*,#.#...#.#.#.#.#.≈≈≈≈≈≈≈≈≈≈≈#.#


You could see a giant goldfish.

Vanquished Creatures
  An unseen horror (D:5)
  Pikel (D:8)
  The ghost of Grandi the Magician, an experienced HuWz of Sif Muna (D:6)
  A troll (D:9)
  4 sharks (D:9)
  A hungry ghost (D:9)
  Edmund (D:4)
  Menkaure (D:7)
  A hippogriff (D:8)
  A necrophage (D:9)
  A black bear (D:6)
  3 ice beasts
  2 sky beasts
  The ghost of 1Viktor the Covered, an average MiFi (D:3)
  An orc warrior (D:7)
  A phantom (D:7)
  3 ogres
  6 centaurs
  A big kobold (D:5)
  6 giant frogs
  A cyclops skeleton (D:9)
  A killer bee (D:8)
  3 electric eels (D:9)
  6 jellyfish (D:9)
  3 crimson imps (D:6)
  3 hounds
  A giant frog zombie (D:5)
  3 jellies
  Crazy Yiuf (D:2)
  2 orc priests
  2 scorpions
  3 orc wizards (D:7)
  5 worker ants
  A big kobold zombie (D:8)
  6 gnolls
  A hound skeleton (D:6)
  10 adders
  5 worms
  A giant eyeball (D:5)
  3 giant geckos
  2 oozes
  16 orcs
  14 goblins
  18 hobgoblins
  16 jackals
  16 kobolds
  11 bats
  5 giant cockroaches
  A giant gecko zombie (D:6)
  6 giant newts
  A kobold zombie (D:7)
  4 quokkas
  11 rats
220 creatures vanquished.

Vanquished Creatures (collateral kills)
  An orc warrior (D:7)
  3 killer bees (D:8)
  A jelly (D:7)
  2 orcs (D:7)
7 creatures vanquished.

Vanquished Creatures (others)
  A crimson imp (D:8)
  2 hounds (D:8)
3 creatures vanquished.

Grand Total: 230 creatures vanquished

Notes
Turn   | Place    | Note
--------------------------------------------------------------
     0 | D:1      | MirrMurr, the Felid Berserker, began the quest for the Orb.
     0 | D:1      | Reached XP level 1. HP: 10/10 MP: 1/1
   239 | D:1      | Reached XP level 2. HP: 9/14 MP: 2/2
   392 | D:1      | Reached skill level 1 in Stealth
  1181 | D:2      | Reached XP level 3. HP: 18/18 MP: 4/4
  1765 | D:2      | Acquired Trog's second power
  1799 | D:2      | Reached XP level 4. HP: 10/21 MP: 6/6
  2274 | D:2      | Noticed Crazy Yiuf
  2292 | D:2      | Killed Crazy Yiuf
  2458 | D:2      | Reached skill level 5 in Dodging
  2551 | D:2      | Reached XP level 5. HP: 23/25 MP: 7/7
  3184 | D:3      | Noticed 1Viktor's ghost (average MiFi)
  3196 | D:3      | Killed 1Viktor's ghost
  3196 | D:3      | Gained mutation: You are covered in thick fur (AC +2). [growing up]
  3196 | D:3      | Reached XP level 6. HP: 29/29 MP: 9/9
  3300 | D:3      | Found a bloodstained altar of Trog.
  3300 | D:3      | Found a blossoming altar of Fedhas.
  3690 | D:4      | Upgraded the game from 0.13.0-28-g1b50097 to 0.13.0-29-gdb529de
  3973 | D:4      | Noticed Edmund
  4003 | D:4      | Killed Edmund
  4003 | D:4      | Reached skill level 5 in Unarmed Combat
  4241 | D:5      | Entered Level 5 of the Dungeon
  4264 | D:5      | Noticed an unseen horror
  4268 | D:5      | Reached XP level 7. HP: 20/32 MP: 11/11
  4271 | D:5      | Reached skill level 6 in Dodging
  4279 | D:5      | Killed an unseen horror
  4279 | D:5      | Reached skill level 5 in Fighting
  4279 | D:5      | Reached skill level 7 in Dodging
  4279 | D:5      | Reached skill level 5 in Stealth
  4279 | D:5      | Reached XP level 8. HP: 20/37 MP: 12/12
  4384 | D:5      | Acquired Trog's third power
  5353 | D:5      | Reached skill level 8 in Dodging
  5676 | D:6      | Reached XP level 9. HP: 28/40 MP: 14/14
  5791 | D:6      | Noticed Grandi's ghost (experienced HuWz)
  5811 | D:6      | Killed Grandi's ghost
  5909 | D:6      | Found a staircase to the Ecumenical Temple.
  6294 | Temple   | Entered the Ecumenical Temple
  6492 | D:7      | Reached skill level 9 in Unarmed Combat
  7027 | D:7      | Noticed Menkaure
  7035 | D:7      | Killed Menkaure
  7442 | D:7      | Found a staircase to the Orcish Mines.
  7621 | D:8      | Found Maemmaesov's Assorted Antiques.
  7628 | D:8      | Noticed Pikel
  7635 | D:8      | Killed Pikel
  7635 | D:8      | Reached XP level 10. HP: 46/46 MP: 16/16
  7642 | D:8      | Bought a scroll of blinking for 165 gold pieces
  7642 | D:8      | Bought a scroll of teleportation for 90 gold pieces
  7762 | D:8      | Found Fumukk's Distillery.
  7795 | D:8      | Bought 2 potions of poison for 22 gold pieces
  7850 | D:8      | Reached skill level 10 in Unarmed Combat
  8668 | D:9      | Reached skill level 10 in Dodging
  8676 | D:9      | Noticed Shredu92's ghost (experienced DrFE)
  8700 | D:9      | Killed from afar by Shredu92's ghost
  8701 | D:9      | Reached XP level 9. HP: -17/42 MP: 14/14
  9441 | D:9      | Noticed Joseph
  9441 | D:9      | Killed from afar by Shredu92's ghost
  9442 | D:9      | Reached XP level 8. HP: -9/57 MP: 12/12
  9442 | D:9      | Found a staircase to the Lair.
  9522 | D:9      | Reached XP level 9. HP: 18/42 MP: 14/14
  9559 | D:9      | Found a shimmering altar of Xom.
  9576 | D:9      | Slain by a giant goldfish

Action                   |  1- 3 |  4- 6 |  7- 9 | 10-12 || total
-------------------------+-------+-------+-------+-------++-------
Melee: Unarmed           |   121 |   202 |   368 |   103 ||   794
Invok: Berserk           |     1 |     2 |     6 |     1 ||    10
       Trog's Hand       |       |     2 |    10 |     2 ||    14
       Burn Spellbooks   |       |       |     1 |       ||     1
       Brothers in Arms  |       |       |     2 |       ||     2
  Use: Scroll            |     2 |     2 |     7 |     2 ||    13
       Potion            |     1 |     2 |       |       ||     3
 Stab: Sleeping          |     5 |     9 |    14 |     5 ||    33
       Distracted        |       |     1 |     3 |       ||     4
